 Dungeon Crawl Stone Soup version 0.19.1-1-g22dce08 (webtiles) character file.

55 Peloso the Skirmisher (level 3, 0/31 (33) HPs)
             Began as a Ghoul Fighter on Jan 5, 2017.
             Was an Initiate of Okawaru.
             Killed from afar by an orc wizard (6 damage)
             ... with a puff of flame
             ... on level 3 of the Dungeon.
             The game lasted 00:04:36 (1684 turns).

Peloso the Skirmisher (Ghoul Fighter)               Turns: 1684, Time: 00:04:36

HP:   0/31 (33)     AC:  6    Str: 19    XL:     3   Next: 93%
MP:   2/2           EV:  7    Int:  3    God:    Okawaru [......]
Gold: 113           SH:  9    Dex:  9    Spells: 0 memorised, 2 levels left

rFire  . . .     SeeInvis .     a - +0 long sword
rCold  + . .     Gourm    .     b - +0 scale mail
rNeg   + + +     Faith    .     c - +0 shield
rPois  ∞         Spirit   .     (no helmet)
rElec  .         Reflect  .     (no cloak)
rCorr  .         Harm     .     (no gloves)
MR     .....                    (no boots)
Stlth  ..........               (no amulet)
                                (no ring)
                                (no ring)

@: rotting
A: rotting body, claws 1, carnivore 3, cold resistance 1, negative energy
resistance 3, slow regeneration 1, torment resistance, unbreathing
a: Renounce Religion


You were on level 3 of the Dungeon.
You worshipped Okawaru.
Okawaru was noncommittal.
You were not hungry.

You visited 1 branch of the dungeon, and saw 3 of its levels.

You collected 113 gold pieces.

Inventory:

Hand Weapons
 a - a +0 long sword (weapon)
Armour
 b - a +0 scale mail (worn)
 c - a +0 shield (worn)
Jewellery
 i - an uncursed ring of see invisible {unknown}
Scrolls
 e - 6 scrolls of identify {unknown}
 h - a scroll of fog {unknown}
 j - a scroll of immolation {unknown}
 l - a scroll of amnesia {unknown}
 n - 3 scrolls of teleportation {unknown}
 q - a scroll of remove curse {unknown}
 s - a scroll of enchant armour {unknown}
Potions
 d - 2 potions of might
 g - a potion of cure mutation {unknown}
 k - a potion of resistance {unknown}
 m - 2 potions of heal wounds {unknown}
 o - a potion of magic {unknown}
 r - a potion of curing {unknown}
Comestibles
 f - 4 meat rations


   Skills:
 + Level 3.7 Fighting
 + Level 2.1 Long Blades
 + Level 3.3 Armour
 + Level 0.1 Dodging
 + Level 3.2 Shields


You had 2 spell levels left.
You didn't know any spells.

Dungeon Overview and Level Annotations

Branches:
Dungeon (3/15)

Altars:
Makhleb
Okawaru


Innate Abilities, Weirdness & Mutations

Your body is rotting away.
You thrive on raw meat.
You are immune to poison.
You have sharp fingernails.
You are carnivorous and can eat meat at any time.
Your flesh is cold resistant. (rC+)
You are immune to negative energy. (rN+++)
You regenerate slowly when monsters are visible.
You are immune to unholy pain and torment.
You can survive without breathing.


Message History

You kill the orc!
Okawaru accepts your kill.
You barely miss the orc wizard. The orc wizard hits you with a dagger.
You barely miss the orc wizard. The orc wizard casts a spell at you.
You block the puff of frost. The orc wizard casts a spell at you.
The puff of flame hits you!
* * * LOW HITPOINT WARNING * * *
You hit the orc wizard.
The orc wizard is lightly wounded.
The orc wizard hits you but does no damage.
You closely miss the orc wizard.
The orc wizard is lightly wounded.
The orc wizard hits you but does no damage.
You slash the orc wizard!
The orc wizard is almost dead.
The orc wizard points at you and mumbles some strange words.
The puff of flame hits you!
You die...

.......# ##.....#
#.....# #.....# ##.....#
.......# .......# .##
.......# ########g....
.......# #....@oro...?
_......#####.######....>
...####.........# ...
...# #.........# . ####
#.........# #.........#
#.........# #.........#
..........#


You could see an orc wizard, an orc, a quokka and a hobgoblin.

Vanquished Creatures
  An adder (D:2)
  A worm (D:2)
  2 leopard geckos
  An orc (D:3)
  A ball python (D:2)
  8 bats
  3 giant cockroaches
  7 goblins (D:1)
  5 hobgoblins (D:1)
  4 kobolds
  A frilled lizard (D:1)
  A rat (D:1)
  2 bushes (D:2)
  A plant (D:2)
38 creatures vanquished.

Notes
Turn   | Place    | Note
-------+----------+-------------------------------------------
     0 | D:1      | Peloso the Ghoul Fighter began the quest for the Orb.
     0 | D:1      | Reached XP level 1. HP: 19/19 MP: 0/0
   142 | D:1      | Reached XP level 2. HP: 24/26 MP: 1/1
   412 | D:1      | Reached XP level 3. HP: 24/31 MP: 2/2
   658 | D:1      | You fall through a shaft!
  1002 | D:2      | Found an iron altar of Okawaru.
  1010 | D:2      | Became a worshipper of Warmaster Okawaru
  1643 | D:3      | Found a burning altar of Makhleb.
  1684 | D:3      | Killed from afar by an orc wizard

Skill      XL: |  1  2  3 |
---------------+----------+-----
Armour         | 3 |  3.3
Shields        | 3 |  3.2
Long Blades    | 2 |  2.1
Fighting       | |  3.7
Dodging        | |  0.1

Action                   || total
-------------------------++-------
Melee: Long sword        ||   338
  Eat: Chunk             ||     4
Armor: Scale mail        ||    90
Dodge: Dodged            ||    62
Block: Shield            ||    90
       Rpst.: Long sword ||    24
